 Dungeon Crawl Stone Soup version 0.23.2 (webtiles) character file.

Game seed: 11772222629908770998

7875 Fang the Fighter (level 11, -4/108 HPs)
             Began as a Gargoyle Berserker on Apr 9, 2019.
             Was a High Priest of Trog.
             Killed from afar by Erolcha (25 damage)
             ... with a bolt of cold
             ... on level 10 of the Dungeon.
             The game lasted 00:14:28 (9849 turns).

Fang the Fighter (Gargoyle Berserker)               Turns: 9849, Time: 00:14:29

Health: -4/108     AC: 25    Str: 29    XL:     11   Next: 22%
Magic:  11/11      EV: 11    Int:  8    God:    Trog [*****.]
Gold:   534        SH:  0    Dex:  9    Spells: 10/10 levels left

rFire    . . .     SeeInvis .   a - +1 war axe
rCold    . . .     Gourm    .   (no shield)
rNeg     + . .     Faith    .   b - +0 plate armour
rPois    ∞         Spirit   .   (no helmet)
rElec    +         Reflect  .   d - +2 cloak {+Inv}
rCorr    .         Harm     .   (no gloves)
MR       ++...                  (no boots)
Stlth    ..........             (no amulet)
HPRegen  1.28/turn              (no ring)
MPRegen  0.12/turn              (no ring)

@: berserking, starving, regenerating, very quick
A: negative energy resistance 1, electricity resistance, unbreathing,
petrification resistance, rot immunity, AC +8
a: Berserk, Trog's Hand, Brothers in Arms, Renounce Religion, Evoke Invisibility


You were on level 10 of the Dungeon.
You worshipped Trog.
Trog was extremely pleased with you.
You were starving.

You visited 2 branches of the dungeon, and saw 11 of its levels.

You collected 534 gold pieces.

Inventory:

Hand Weapons
 a - a +1 war axe (weapon)
 v - a +1 antimagic broad axe
Armour
 b - a +0 plate armour (worn)
 d - a +2 cloak of invisibility (worn)
Wands
 n - a wand of flame (40)
 o - a wand of random effects (23)
Scrolls
 e - a scroll of fog
 f - 3 scrolls of teleportation
 g - a scroll of fear
 m - 5 scrolls of remove curse
 t - 2 scrolls of identify
Potions
 h - 6 potions of curing
 i - 3 potions of berserk rage
 j - 4 potions of agility
 k - 2 potions of brilliance
 l - 2 potions of resistance
 p - 2 potions of ambrosia
 q - 2 potions of flight
 r - a potion of cancellation
 s - a potion of heal wounds
Comestibles
 c - 18 rations


   Skills:
 + Level 9.9 Fighting
 + Level 8.3 Axes
 + Level 9.6 Armour
 + Level 7.3 Dodging


You had 10 spell levels left.
You didn't know any spells.
Your spell library was empty.

Dungeon Overview and Level Annotations

Branches:
Dungeon (10/15)            Temple (1/1) D:5            Lair (0/6) D:10
    Orc (0/2) D:9

Altars:
Dithmenos
Elyvilon
Gozag
Hepliaklqana
Kikubaaqudgha
Makhleb
Nemelex Xobeh
Qazlal
Sif Muna
Trog
Zin

Shops:
D:10 (

Annotations:
D:10 Erolcha, Harold


Innate Abilities, Weirdness & Mutations

You are resistant to torment.
Your stone body is resilient. (AC +8)
You are immune to poison.
You resist negative energy. (rN+)
You are resistant to electric shocks. (rElec)
You can survive without breathing.
You are immune to petrification.
You are immune to rotting.


Message History

* * * LOW HITPOINT WARNING * * *
You barely miss Erolcha.
Erolcha is moderately wounded.
You hit Harold but do no damage.
Erolcha hits you with a +0 giant spiked club!
* * * LOW HITPOINT WARNING * * *
You slash Erolcha!
Erolcha is heavily wounded.
You slash Harold!
Harold hits you with a +4 dire flail of protection.
* * * LOW HITPOINT WARNING * * *
You are too injured to fight recklessly!
You slash Erolcha!
Erolcha is almost dead.
You hit Harold. Erolcha casts a spell at you.
The crystal spear hits you but does no damage.
Erolcha gestures at you while chanting. The bolt of cold hits you!!
You die...

.#####.##########.......
.......................<
#####..#####.#.∩.#.....
##..# #........... ##.#
###########+ #.## #..#
##(# #@O# #..@...#
#......# +......'.
........#..
'(.......####
.###......# #####+##


You could see Harold and Erolcha.

Vanquished Creatures
  A hornet (D:8)
  Prince Ribbit (D:5)
  A hippogriff (D:9)
  Sigmund (D:3)
  A wyvern (D:9)
  4 yaks (D:9)
  2 steam dragons (D:7)
  2 ice beasts
  7 orc warriors
  2 water moccasins
  2 black bears (D:8)
  3 sky beasts
  2 necrophages
  4 phantoms
  4 ogres
  2 centaurs (D:8)
  3 bullfrogs
  A scorpion (D:9)
  3 troll zombies (D:9)
  7 killer bees
  3 howler monkeys (D:10)
  2 crimson imps
  2 bullfrog zombies
  3 hounds
  2 gnoll shamans
  3 centaur skeletons
  9 orc priests
  2 jellies
  Crazy Yiuf (D:2)
  A bullfrog skeleton (D:5)
  4 iguanas
  10 orc wizards
  5 worker ants
  5 ogre zombies (D:9)
  A hound skeleton (D:4)
  2 worker ant zombies (D:6)
  14 gnolls
  16 adders
  A shadow imp (D:5)
  An adder skeleton (D:4)
  3 worms
  2 dart slugs (D:1)
  3 leopard geckos
  40 orcs
  A giant cockroach (D:4)
  11 goblins
  9 hobgoblins
  3 jackals (D:1)
  5 kobolds
  7 quokkas
  A ball python (D:6)
  6 bats
  5 frilled lizards
  2 goblin skeletons (D:9)
  3 goblin zombies (D:9)
  3 hobgoblin skeletons (D:9)
  A hobgoblin zombie (D:9)
  4 orc skeletons (D:9)
  12 orc zombies (D:9)
  4 quokka skeletons
  8 rats
  A fungus (D:7)
274 creatures vanquished.

Vanquished Creatures (collateral kills)
  3 death yaks (D:10)
  2 porcupines (D:10)
  A hell rat (D:10)
  An adder (D:10)
7 creatures vanquished.

Vanquished Creatures (others)
  A quokka (D:9)
  4 fungi (D:7)
5 creatures vanquished.

Grand Total: 286 creatures vanquished

Notes
Turn   | Place    | Note
-------+----------+-------------------------------------------
     0 | D:1      | Fang the Gargoyle Berserker began the quest for the Orb.
     0 | D:1      | Reached XP level 1. HP: 14/14 MP: 1/1
   241 | D:1      | Reached XP level 2. HP: 19/19 MP: 2/2
   470 | D:1      | Reached XP level 3. HP: 18/23 MP: 3/3
   718 | D:2      | Found a deep blue altar of Sif Muna.
   762 | D:2      | Reached ** piety under Trog
   921 | D:2      | Reached XP level 4. HP: 22/29 MP: 4/4
  1233 | D:2      | Found a runed translucent door.
  1234 | D:2      | Noticed Crazy Yiuf
  1365 | D:2      | Killed Crazy Yiuf
  1586 | D:3      | Reached XP level 5. HP: 23/33 MP: 5/5
  1856 | D:3      | Noticed Sigmund
  1886 | D:3      | Killed Sigmund
  1886 | D:3      | Reached XP level 6. HP: 24/39 MP: 6/6
  1963 | D:3      | Reached *** piety under Trog
  2535 | D:4      | Reached skill level 5 in Fighting
  2535 | D:4      | Reached XP level 7. HP: 37/44 MP: 7/7
  3107 | D:4      | Found a stormy altar of Qazlal.
  3338 | D:5      | Entered Level 5 of the Dungeon
  3366 | D:5      | Found a staircase to the Ecumenical Temple.
  3381 | Temple   | Entered the Ecumenical Temple
  3457 | D:5      | Reached skill level 5 in Armour
  3944 | D:5      | Reached XP level 8. HP: 51/51 MP: 8/8
  4053 | D:5      | Noticed Prince Ribbit
  4258 | D:5      | Killed Prince Ribbit
  4258 | D:5      | Reached skill level 5 in Axes
  4499 | D:6      | Reached **** piety under Trog
  4994 | D:6      | Found an opulent altar of Gozag.
  5475 | D:6      | Reached XP level 9. HP: 53/56 MP: 9/9
  5538 | D:6      | Reached skill level 5 in Dodging
  6459 | D:7      | Found a bloodstained altar of Trog.
  6542 | D:7      | Reached ***** piety under Trog
  6610 | D:7      | Found an ancient bone altar of Kikubaaqudgha.
  6610 | D:7      | Found a hazy altar of Hepliaklqana.
  6843 | D:8      | Found a shadowy altar of Dithmenos.
  6843 | D:8      | Found a sparkling altar of Nemelex Xobeh.
  6845 | D:8      | Found a glowing silver altar of Zin.
  7183 | D:8      | Reached XP level 10. HP: 46/64 MP: 10/10
  7970 | D:9      | Found a staircase to the Orcish Mines.
  8427 | D:9      | Found a white marble altar of Elyvilon.
  8533 | D:9      | HP: 1/66 [orc warrior/+0 flail (4)]
  8990 | D:9      | Reached ****** piety under Trog
  8993 | D:9      | Reached XP level 11. HP: 25/71 MP: 11/11
  9710 | D:10     | Entered Level 10 of the Dungeon
  9732 | D:10     | Noticed a death yak
  9734 | D:10     | Noticed a death yak
  9740 | D:10     | Noticed a death yak
  9741 | D:10     | Killed a death yak
  9741 | D:10     | Received a gift from Trog
  9748 | D:10     | Killed a death yak
  9750 | D:10     | Killed a death yak
  9754 | D:10     | Found a staircase to the Lair.
  9801 | D:10     | Found Moim's Weapon Emporium.
  9825 | D:10     | Noticed Erolcha
  9833 | D:10     | Noticed Harold
  9849 | D:10     | Killed from afar by Erolcha

Skill      XL: |  1  2  3  4  5  6  7  8  9 10 |
---------------+-------------------------------+-----
Axes           | 3 4 5 6 8 |  8.3
Dodging        | 2 3 4 5 7 |  7.3
Armour         | 3 4 5 6 7 9 |  9.6
Fighting       | 4 5 6 8 9 |  9.9

Action                   |  1- 3 |  4- 6 |  7- 9 | 10-12 || total
-------------------------+-------+-------+-------+-------++-------
Melee: Hand axe          |   119 |   136 |    19 |       ||   274
       War axe           |       |       |   419 |   355 ||   774
Invok: Berserk           |     1 |     4 |     9 |     3 ||    17
       Trog's Hand       |       |       |     2 |     1 ||     3
       Brothers in Arms  |       |       |       |     1 ||     1
  Use: Scroll            |       |       |    19 |     2 ||    21
       Potion            |       |       |     1 |     2 ||     3
 Stab: Distracted        |       |       |       |     1 ||     1
  Eat: Chunk             |     1 |     6 |    21 |    11 ||    39
       Ration            |       |     1 |     1 |       ||     2
Armor: Animal skin       |    12 |       |       |       ||    12
       Plate armour      |    78 |   211 |   426 |   352 ||  1067
Dodge: Dodged            |    63 |    88 |   264 |   214 ||   629
